 Dungeon Crawl Stone Soup version 0.28-a0-206-gc2c9e32840 (webtiles) character file.

Game seed: 12255717660857486972

401 loansindi the Conjurer (level 6, -5/46 HPs)
             Began as a Draconian Conjurer on Aug 20, 2021.
             Was an Initiate of Yredelemnul.
             Slain by a sky beast (6 damage)
             ... on level 5 of the Dungeon.
             The game lasted 00:09:22 (3117 turns).

loansindi the Conjurer (Draconian Conjurer)         Turns: 3117, Time: 00:09:25

Health: -5/46      AC:  7    Str:  9    XL:     6   Next: 54%
Magic:  6/11       EV: 12    Int: 21    God:    Yredelemnul [......]
Gold:   107        SH:  0    Dex:  9    Spells: 9/12 levels left

rFire   . . .      SeeInvis .   m - +2 short sword (protect)
rCold   . . .      Faith    .   (no shield)
rNeg    + . .      Spirit   .   (armour unavailable)
rPois   .          Reflect  .   (helmet restricted)
rElec   .          Harm     .   (no cloak)
rCorr   .          Rampage  .   e - +0 pair of gloves
Will    .....                   (no boots)
Stlth   ++........              (no amulet)
HPRegen 0.15/turn               c - ring of positive energy
MPRegen 0.12/turn               (no ring)

@: no status effects
A: AC +6, unfitting armour, cold-blooded
a: Renounce Religion


You were on level 5 of the Dungeon.
You worshipped Yredelemnul.
Yredelemnul was noncommittal.
You visited 1 branch of the dungeon, and saw 4 of its levels.

You collected 107 gold pieces.

Inventory:

Hand Weapons
 a - a +0 spear
 h - a +1 short sword of venom
 m - a +2 short sword of protection (weapon)
 n - a +0 scythe of venom
Missiles
 f - 6 poisoned darts
Armour
 e - a +0 pair of gloves (worn)
Jewellery
 c - a ring of positive energy (left hand)
Potions
 b - a potion of flight {unknown}
 d - 2 potions of curing {unknown}
 g - a potion of haste {unknown}
 i - a potion of berserk rage {unknown}
 o - a potion of invisibility {unknown}
 q - a potion of mutation {unknown}


   Skills:
 + Level 0.7 Fighting
 + Level 0.6 Short Blades
 + Level 1.8 Polearms
 + Level 1.4 Throwing
 + Level 2.5 Dodging
 + Level 2.6 Stealth
 + Level 3.5 Spellcasting
 + Level 5.6 Conjurations


You had 9 spell levels left.
You knew the following spells:

 Your Spells              Type           Power      Damage    Failure   Level
a - Magic Dart            Conj           100%       1d8       1%          1
b - Searing Ray           Conj           54%        3d5       1%          2

Your spell library contained the following spells:

 Spells                   Type           Power      Damage    Failure   Level
 Dazzling Flash           Conj/Hex       30%        N/A       12%         3
 Summon Small Mammal      Summ           12%        N/A       13%         1
 Call Canine Familiar     Summ           3%         N/A       36%         3
 Summon Guardian Golem    Hex/Summ       3%         N/A       36%         3
 Fulminant Prism          Conj/Hex       7%         3d7       36%         4
 Iskenderun's Mystic Bla  Conj/Tloc      15%        2d5       36%         4
 Freezing Cloud           Conj/Ice/Air   5%         6-21      85%         5
 Simulacrum               Ice/Necr       1%         N/A       100%        6
 Polar Vortex             Ice            1%         N/A       100%        9


Dungeon Overview and Level Annotations

Branches:
Dungeon (3/15)

Altars:
Kikubaaqudgha
Qazlal
Ru
Trog
Yredelemnul

Annotations:
D:5 Dowan, Duvessa


Innate Abilities, Weirdness & Mutations

Your plain brown scales are hard. (AC +6)
You cannot fit into any form of body armour.
You are cold-blooded and may be slowed by cold attacks.


Message History

As you read the scroll of teleportation, it crumbles to dust.
You feel strangely unstable.
Your surroundings suddenly seem different.
Something unseen opens the door.
You open the door.
A sky beast comes into view. 3 wights come into view.
The wight moves out of view.
There is an open door here.
The sky beast closely misses you.
Dowan casts a spell.
Dowan blinks!
The sky beast hits you but does no damage.
As you open the door, it creaks loudly!
The sky beast hits you but does no damage.
Duvessa hits you with a +0 rapier!
* * * LOW HITPOINT WARNING * * *
The sky beast flickers out of sight!
Deactivating autopickup; reactivate with Ctrl-A.
There is an open door here.
As you read the scroll of noise, it crumbles to dust.
You hear a loud clanging noise!
Something hits you but does no damage. Dowan hits you with a +0 dagger.
* * * LOW HITPOINT WARNING * * *
A wight comes into view. It is wielding a +1 vorpal morningstar.
You are too injured to fight recklessly!
Cast which spell? (? or * to list)
Aiming: Searing Ray (safe; 1% risk of failure)
Press: ? - help, Shift-Dir - straight line, f - wight
Aim: a wight, wielding a +0 battleaxe and wearing a +0 robe (79% to hit)
The searing ray hits the wight.
The wight is lightly damaged.
The searing ray hits the wight.
The wight is moderately damaged. (Press . to maintain the ray.)
Something hits you.
* * * LOW HITPOINT WARNING * * *
Something shocks you.
You die...
Your body rises from the dead as a mindless zombie.

#.#....# #.#....#
#...>..# ###...#####
##......# #.##.#.#
#.##.#.##
##############.......#
#......zz.@.....###..#
#.###e###+###+### #..#
#ee#....... ###..#
#.#.z#....... #...>#
#.z..'###+### +.##.##
#.#..#.+ ####..##
#.#..#.# ##.....#
#.'##'.# +..._..####
#.#..#.# #.._8_.....


You could see Duvessa and 2 wights.

Vanquished Creatures
  Sigmund (D:3)
  2 centaur skeletons (D:5)
  An orc wizard (D:3)
  A scorpion zombie (D:5)
  A killer bee zombie (D:5)
  A howler monkey skeleton (D:5)
  3 gnolls (D:2)
  2 adders
  2 worms
  A dart slug (D:1)
  4 orcs
  6 bats
  4 endoplasms
  A goblin (D:1)
  6 hobgoblins
  3 jackals (D:1)
  2 quokkas
  4 ball pythons
  4 frilled lizards
  5 kobolds
  5 rats
59 creatures vanquished.

Notes
Turn   | Place    | Note
-------+----------+-------------------------------------------
     0 | D:1      | loansindi the Draconian Conjurer began the quest for the
                  | Orb.
     0 | D:1      | Reached XP level 1. HP: 14/14 MP: 3/3
   368 | D:1      | Reached XP level 2. HP: 20/20 MP: 1/5
  1123 | D:1      | Learned a level 2 spell: Searing Ray
  1222 | D:2      | Reached XP level 3. HP: 26/26 MP: 3/6
  2001 | D:2      | Reached XP level 4. HP: 33/33 MP: 0/7
  2026 | D:2      | Reached skill level 5 in Conjurations
  2469 | D:3      | Found a sacrificial altar of Ru.
  2469 | D:3      | Noticed Sigmund
  2483 | D:3      | Killed Sigmund
  2484 | D:3      | Reached skill level 1 in Polearms
  2484 | D:3      | Reached XP level 5. HP: 31/38 MP: 1/9
  2492 | D:3      | Reached skill level 1 in Throwing
  2492 | D:3      | Reached XP level 6. HP: 36/46 MP: 2/10
  2592 | D:3      | You fall into a shaft and drop 2 floors!
  2592 | D:5      | Entered Level 5 of the Dungeon
  2919 | D:5      | Found an ancient bone altar of Kikubaaqudgha.
  2920 | D:5      | Found a bloodstained altar of Trog.
  2921 | D:5      | Found a basalt altar of Yredelemnul.
  2923 | D:5      | Found a stormy altar of Qazlal.
  2946 | D:5      | Became a worshipper of Yredelemnul the Dark
  3058 | D:5      | Noticed Duvessa
  3059 | D:5      | Noticed Dowan
  3075 | D:5      | Upgraded the game from 0.28-a0-199-g298df9dbad to
                  | 0.28-a0-206-gc2c9e32840
  3104 | D:5      | Noticed a sky beast
  3117 | D:5      | HP: 1/46 [something (3)]
  3117 | D:5      | Slain by a sky beast

Illustrated notes

Levels and vault maps discovered:
D:1:      dpeg_arrival_simpleton_a, layout_basic
D:2:      layout_basic, hangedman_decor_riveting
D:3:      layout_basic, nicolae_ru_great_annihilating_truth,
          mainiacjoe_overflow_alcove_1, kennysheep_another_room,
          uniq_crazy_yiuf_cottage, uniq_sigmund
D:5:      layout_loops_cross, mainiacjoe_overflow_24_doors,
          chequers_temple_overflow_statue_of_worship, uniq_duvessa,
          uniq_blork_the_orc, uniq_menkaure

Skill      XL: |  1  2  3  4  5 |
---------------+----------------+-----
Stealth        | 2 |  2.6
Dodging        | 2 |  2.5
Conjurations   | 5 |  5.6
Polearms       | 1 |  1.8
Spellcasting   | 3 |  3.5
Throwing       | 1 |  1.4
Fighting       | |  0.7
Short Blades   | |  0.6

Action                   |  1- 3 |  4- 6 || total
-------------------------+-------+-------++-------
Melee: Spear             |    17 |       ||    17
       Unarmed           |     1 |       ||     1
       Tailslap          |     2 |     2 ||     4
       Short sword       |       |    26 ||    26
Throw: Dart              |       |    16 ||    16
 Cast: Magic Dart        |    65 |     5 ||    70
       Searing Ray       |     2 |    14 ||    16
  Use: Scroll            |     3 |     6 ||     9
 Stab: Sleeping          |       |     1 ||     1
Armor: Skin              |     9 |    31 ||    40
Dodge: Dodged            |    20 |    41 ||    61

Table legend: (Time is in decaauts)
 A = Elapsed time spent in this place.
 B = Non-inter-level travel time spent in this place.
 C = Inter-level travel time spent in this place.
 D = Time resting spent in this place.
 E = Time spent auto-exploring this place.
 F = Levels seen in this place.
 G = Mean time per level.
                   A        B        C        D        E       F      G
               +--------+--------+--------+--------+--------+-----+--------+
         Total |   3118 |   3086 |     32 |      0 |   2573 |   4 |  779.5 |
       Dungeon |   3118 |   3086 |     32 |      0 |   2573 |   4 |  779.5 |
               +--------+--------+--------+--------+--------+-----+--------+

Top non-repeatable levels by time:
     D:1: 1148 daAuts
     D:2: 1050 daAuts
     D:5: 524 daAuts
     D:3: 395 daAuts
